PUB
CALIFORNIA SEALS @ SAN FRANCISCO MEATBALLS
04/22/1972
 
TOP OF THE 1ST
California Seals batting - Pitching for San Francisco Meatballs : LHP Steve D Barber
Pitching: LHP Steve D Barber
Batting: RHB Marcos Gómez 0-0: Called Strike
0-1: SINGLE (Groundball, 5D, EV 98.1 MPH)
Batting: LHB Rick Monday 0-0: Ball
1-0: Ball
2-0: Called Strike
2-1: Ball
3-1: Base on Balls
Marcos Gómez to second
Batting: RHB Dan Thomas 0-0: Ball
1-0: Ball
2-0: Foul Ball, location: 2LF
2-1: Called Strike
2-2: Ball
3-2: Strikes out looking
Batting: LHB Mack Jones 0-0: Ball
1-0: Ball
2-0: Fly out, F4 (Line Drive, 4, EV 63.8 MPH)
Batting: RHB Dave Barrera 0-0: Ball
1-0: Ball
2-0: Fielders Choice at 2nd, 6-4 (Groundball, 6, EV 87.5 MPH)
Top of the 1st over - 0 runs, 1 hit, 0 errors, 2 left on base; California 0 - San Francisco 0
BOTTOM OF THE 1ST
San Francisco Meatballs batting - Pitching for California Seals : LHP Eric Norman
Pitching: LHP Eric Norman
Batting: LHB José Otero 0-0: Ball
1-0: Called Strike
1-1: Ground out 4-3 (Groundball, 34D, EV 85.0 MPH)
Batting: RHB Dave Concepcion 0-0: Ball
1-0: Ground out 4-3 (Groundball, 4MD, EV 100.0 MPH)
Batting: RHB Terry Williams 0-0: Fly out, F9 (Flyball, 9S, EV 91.3 MPH)
Bottom of the 1st over - 0 runs, 0 hits, 0 errors, 0 left on base; California 0 - San Francisco 0
TOP OF THE 2ND
California Seals batting - Pitching for San Francisco Meatballs : LHP Steve D Barber
Batting: RHB Micheal Cain 0-0: Ball
1-0: Foul Ball, location: 2F
1-1: Fly out, F9 (Line Drive, 9, EV 88.8 MPH)
Batting: RHB Jimmy Rivers 0-0: Ball
1-0: Called Strike
1-1: SINGLE (Line Drive, 89S, EV 92.5 MPH)
Batting: RHB Paul Donahue 0-0: Called Strike
0-1: Ball
1-1: Called Strike
1-2: Ball
2-2: Fly out, F6 (Line Drive, 56, EV 64.4 MPH)
Batting: LHB Eric Norman 0-0: Ball
1-0: Swinging Strike
1-1: Ball
2-1: Foul Ball, location: 25F
2-2: Strikes out swinging
Top of the 2nd over - 0 runs, 1 hit, 0 errors, 1 left on base; California 0 - San Francisco 0
BOTTOM OF THE 2ND
San Francisco Meatballs batting - Pitching for California Seals : LHP Eric Norman
Batting: LHB Jonathan Norton 0-0: Foul Ball, location: 3DF
0-1: Foul Ball, location: 7LDF
0-2: Foul Ball, location: 7LSF
0-2: Ball
1-2: Strikes out looking
Batting: SHB Nathan McClain 0-0: Called Strike
0-1: Ball
1-1: SINGLE (Groundball, 6, EV 98.8 MPH) (infield hit)
Batting: RHB Daniel MacGuffie 0-0: Ball
1-0: Called Strike
1-1: Ball
2-1: Ball
3-1: Called Strike
3-2: Strikes out looking
Nathan McClain steals 2nd base
Batter strikes out.
Batting: RHB Dale Sledge 0-0: Foul Ball, location: 2F
0-1: Foul Ball, location: 2F
0-2: Ball
1-2: Fly out, F8 (Line Drive, 89D, EV 83.8 MPH)
Bottom of the 2nd over - 0 runs, 1 hit, 0 errors, 1 left on base; California 0 - San Francisco 0
TOP OF THE 3RD
California Seals batting - Pitching for San Francisco Meatballs : LHP Steve D Barber
Batting: RHB Marcos Gómez 0-0: Ball
1-0: Swinging Strike
1-1: Foul Ball, location: 2F
1-2: Foul Ball, location: 3FF
1-2: Strikes out looking
Batting: LHB Rick Monday 0-0: Called Strike
0-1: Foul Ball, location: 3FF
0-2: Strikes out looking
Batting: RHB Dan Thomas 0-0: Ball
1-0: Ball
2-0: Swinging Strike
2-1: Foul Ball, location: 9LSF
2-2: Ball
3-2: Strikes out swinging
Top of the 3rd over - 0 runs, 0 hits, 0 errors, 0 left on base; California 0 - San Francisco 0
BOTTOM OF THE 3RD
San Francisco Meatballs batting - Pitching for California Seals : LHP Eric Norman
Batting: RHB Jake Brown 0-0: Ball
1-0: Ball
2-0: Foul Ball, location: 5F
2-1: SINGLE (Line Drive, 89S, EV 85.0 MPH)
Batting: LHB Steve D Barber 0-0: Ball
1-0: Called Strike
1-1: Sac Bunt - play at second, runner OUT -> throw to first, DP!
Batting: LHB José Otero 0-0: Ball
1-0: Called Strike
1-1: Foul Ball, location: 2F
1-2: Strikes out swinging
Bottom of the 3rd over - 0 runs, 1 hit, 0 errors, 0 left on base; California 0 - San Francisco 0
TOP OF THE 4TH
California Seals batting - Pitching for San Francisco Meatballs : LHP Steve D Barber
Batting: LHB Mack Jones 0-0: Called Strike
0-1: Ball
1-1: Swinging Strike
1-2: Foul Ball, location: 7LMF
1-2: Ground out U3 (Groundball, 3, EV 101.9 MPH)
Batting: RHB Dave Barrera 0-0: Foul Ball, location: 9LDF
0-1: Ball
1-1: Ball
2-1: Ball
3-1: Base on Balls
Batting: RHB Micheal Cain 0-0: Ball
1-0: Fly out, F5 (Popup, 25, EV 88.1 MPH)
Batting: RHB Jimmy Rivers 0-0: Ball
1-0: Ball
2-0: Fly out, F6 (Popup, 6MD, EV 68.8 MPH)
Top of the 4th over - 0 runs, 0 hits, 0 errors, 1 left on base; California 0 - San Francisco 0
BOTTOM OF THE 4TH
San Francisco Meatballs batting - Pitching for California Seals : LHP Eric Norman
Batting: RHB Dave Concepcion 0-0: Ball
1-0: Ground out 6-3 (Groundball, 6, EV 84.4 MPH)
Batting: RHB Terry Williams 0-0: Called Strike
0-1: SINGLE (Line Drive, 9S, EV 91.3 MPH)
Batting: LHB Jonathan Norton 0-0: Ball
1-0: Ball
2-0: Grounds into double play, 4-6-3 (Groundball, 4, EV 101.3 MPH)
Bottom of the 4th over - 0 runs, 1 hit, 0 errors, 0 left on base; California 0 - San Francisco 0
TOP OF THE 5TH
California Seals batting - Pitching for San Francisco Meatballs : LHP Steve D Barber
Batting: RHB Paul Donahue 0-0: Fly out, F3 (Popup, 3SF, EV 70.0 MPH)
Batting: LHB Eric Norman 0-0: Foul Ball, location: 2F
0-1: Fly out, F6 (Popup, 6M, EV 51.3 MPH)
Batting: RHB Marcos Gómez 0-0: Ball
1-0: Called Strike
1-1: Ball
2-1: SINGLE (Line Drive, 4D, EV 98.1 MPH)
Batting: LHB Rick Monday 0-0: Ball
1-0: Swinging Strike
1-1: Ball
Marcos Gómez steals 2nd base
2-1: SINGLE (Line Drive, 89S, EV 92.5 MPH)
Marcos Gómez to third
Runner from 3rd tries for Home, SAFE, throw by RF to home
Batting: RHB Dan Thomas 0-0: Fly out, F8 (Flyball, 8LXD, EV 96.9 MPH)
Top of the 5th over - 1 run, 2 hits, 0 errors, 1 left on base; California 1 - San Francisco 0
BOTTOM OF THE 5TH
San Francisco Meatballs batting - Pitching for California Seals : LHP Eric Norman
Batting: SHB Nathan McClain 0-0: Ground out 5-3 (Groundball, 56, EV 107.5 MPH)
Batting: RHB Daniel MacGuffie 0-0: Foul Ball, location: 7LMF
0-1: Ball
1-1: Ball
2-1: Foul Ball, location: 3SF
2-2: Ground out 6-3 (Groundball, 6, EV 83.8 MPH)
Batting: RHB Dale Sledge 0-0: Ground out 1-3 (Groundball, 13S, EV 68.1 MPH)
Bottom of the 5th over - 0 runs, 0 hits, 0 errors, 0 left on base; California 1 - San Francisco 0
TOP OF THE 6TH
California Seals batting - Pitching for San Francisco Meatballs : LHP Steve D Barber
Batting: LHB Mack Jones 0-0: Called Strike
0-1: Foul Ball, location: 5SF
0-2: Fly out, F7 (Flyball, 7LM, EV 93.8 MPH)
Batting: RHB Dave Barrera 0-0: Foul Ball, location: 9LDF
0-1: Swinging Strike
0-2: Strikes out swinging
Batting: RHB Micheal Cain 0-0: Ball
1-0: Called Strike
1-1: SINGLE (Line Drive, 89S, EV 97.5 MPH)
Batting: RHB Jimmy Rivers 0-0: Ball
1-0: Ball
2-0: Called Strike
2-1: Swinging Strike
2-2: Ball
3-2: Ground out 5-3 (Groundball, 56S, EV 90.6 MPH)
Top of the 6th over - 0 runs, 1 hit, 0 errors, 1 left on base; California 1 - San Francisco 0
BOTTOM OF THE 6TH
San Francisco Meatballs batting - Pitching for California Seals : LHP Eric Norman
Batting: RHB Jake Brown 0-0: Foul Ball, location: 3FF
0-1: Ball
1-1: Called Strike
1-2: Strikes out swinging
Batting: LHB Steve D Barber 0-0: Called Strike
0-1: Swinging Strike
0-2: Fly out, F7 (Flyball, 7, EV 93.1 MPH)
Batting: LHB José Otero 0-0: Swinging Strike
0-1: Swinging Strike
0-2: Foul Ball, location: 2F
0-2: Ball
1-2: Ball
2-2: Ball
3-2: Foul Ball, location: 23F
3-2: Strikes out swinging
Bottom of the 6th over - 0 runs, 0 hits, 0 errors, 0 left on base; California 1 - San Francisco 0
TOP OF THE 7TH
California Seals batting - Pitching for San Francisco Meatballs : LHP Steve D Barber
Batting: RHB Paul Donahue 0-0: Ball
1-0: Called Strike
1-1: Ground out 5-3 (Groundball, 56S, EV 73.1 MPH)
Batting: LHB Eric Norman 0-0: Fly out, F8 (Flyball, 8RM, EV 88.1 MPH)
Batting: RHB Marcos Gómez 0-0: Foul Ball, location: 2F
0-1: Ball
1-1: Called Strike
1-2: Fly out, F8 (Flyball, 8RXD, EV 111.3 MPH)
Top of the 7th over - 0 runs, 0 hits, 0 errors, 0 left on base; California 1 - San Francisco 0
BOTTOM OF THE 7TH
San Francisco Meatballs batting - Pitching for California Seals : LHP Eric Norman
Batting: RHB Dave Concepcion 0-0: Ball
1-0: Ball
2-0: Called Strike
2-1: Ground out 6-3 (Groundball, 6, EV 108.1 MPH)
Batting: RHB Terry Williams 0-0: Called Strike
0-1: Ball
1-1: Called Strike
1-2: Ball
2-2: Foul Ball, location: 3F
2-2: Ball
3-2: Base on Balls
Batting: LHB Jonathan Norton 0-0: Ball
1-0: Called Strike
1-1: Ball
2-1: Swinging Strike
2-2: Strikes out swinging
Batting: SHB Nathan McClain 0-0: Ball
1-0: Called Strike
1-1: Foul Ball, location: 5FF
1-2: Ball
2-2: Ball
3-2: Foul Ball, location: 7LSF
3-2: Base on Balls
Terry Williams to second
Batting: RHB Daniel MacGuffie 0-0: Called Strike
0-1: Ball
1-1: Foul Ball, location: 3F
1-2: SINGLE (Line Drive, 6MD, EV 95.0 MPH)
Terry Williams to third
Nathan McClain to second
Runner from 3rd tries for Home, SAFE, throw by CF to home
Pitching: RHP Greg Gordon
Pinch Hitting: LHB Jorge López 0-0: Foul Ball, location: 7LDF
0-1: Ball
1-1: Ball
2-1: Ball
3-1: Foul Ball, location: 2F
3-2: Foul Ball, location: 2F
3-2: Foul Ball, location: 7LMF
3-2: Base on Balls
Nathan McClain to third
Daniel MacGuffie to second
Batting: RHB Jake Brown 0-0: Called Strike
0-1: Swinging Strike
0-2: Foul Ball, location: 2F
0-2: Strikes out swinging
Bottom of the 7th over - 1 run, 1 hit, 0 errors, 3 left on base; California 1 - San Francisco 1
TOP OF THE 8TH
California Seals batting - Pitching for San Francisco Meatballs : LHP Steve D Barber
Now at 2B: Larry Richardson
Batting: LHB Rick Monday 0-0: Ball
1-0: Ball
2-0: Called Strike
2-1: Ground out 4-3 (Groundball, 34, EV 102.5 MPH)
Batting: RHB Dan Thomas 0-0: Ball
1-0: Swinging Strike
1-1: Ball
2-1: Foul Ball, location: 2F
2-2: Fly out, F6 (Popup, 6MS, EV 78.8 MPH)
Batting: LHB Mack Jones 0-0: Called Strike
0-1: Ball
1-1: Swinging Strike
1-2: Strikes out swinging
Top of the 8th over - 0 runs, 0 hits, 0 errors, 0 left on base; California 1 - San Francisco 1
BOTTOM OF THE 8TH
San Francisco Meatballs batting - Pitching for California Seals : RHP Greg Gordon
Pinch Hitting: SHB Daniel Taylor 0-0: Ball
1-0: Foul Ball, location: 2F
1-1: Called Strike
1-2: Strikes out swinging
Batting: LHB José Otero 0-0: Fly out, F8 (Flyball, 8LD, EV 92.5 MPH)
Batting: RHB Dave Concepcion 0-0: Ball
1-0: Ground out 6-3 (Groundball, 6, EV 82.5 MPH)
Bottom of the 8th over - 0 runs, 0 hits, 0 errors, 0 left on base; California 1 - San Francisco 1
TOP OF THE 9TH
California Seals batting - Pitching for San Francisco Meatballs : LHP Steve D Barber
Pitching: RHP Armando Martínez
Batting: RHB Dave Barrera 0-0: Ball
1-0: Called Strike
1-1: Foul Ball, location: 9LSF
1-2: Ball
2-2: Foul Ball, location: 2F
2-2: Foul Ball, location: 9LMF
2-2: Strikes out swinging
Pinch Hitting: LHB Peter Brantley 0-0: Ball
1-0: Foul Ball, location: 25F
1-1: Foul Ball, location: 2F
1-2: Foul Ball, location: 25FF
1-2: Strikes out looking
Pinch Hitting: LHB José Ramos 0-0: Foul Ball, location: 23F
0-1: Ball
1-1: Foul Ball, location: 2F
1-2: Ground out 4-3 (Groundball, 4, EV 80.6 MPH)
Top of the 9th over - 0 runs, 0 hits, 0 errors, 0 left on base; California 1 - San Francisco 1
BOTTOM OF THE 9TH
San Francisco Meatballs batting - Pitching for California Seals : RHP Greg Gordon
Now at C: Johnny Bench
Now at 2B: Jim Lefebvre
Now at 3B: Paul Donahue
Batting: RHB Terry Williams 0-0: Called Strike
0-1: Ball
1-1: Foul Ball, location: 2F
1-2: Foul Ball, location: 3F
1-2: Strikes out looking
Batting: LHB Jonathan Norton 0-0: Ball
1-0: Ball
2-0: Ground out 6-3 (Groundball, 6, EV 106.3 MPH)
Batting: SHB Nathan McClain 0-0: Ball
1-0: Swinging Strike
1-1: Ball
2-1: Foul Ball, location: 2F
2-2: Fly out, F2 (Popup, 23F, EV 90.0 MPH)
Bottom of the 9th over - 0 runs, 0 hits, 0 errors, 0 left on base; California 1 - San Francisco 1
TOP OF THE 10TH
California Seals batting - Pitching for San Francisco Meatballs : RHP Armando Martínez
Batting: RHB Paul Donahue 0-0: Fly out, F9 (Flyball, 9, EV 94.4 MPH)
Pinch Hitting: LHB Boog Powell 0-0: Called Strike
0-1: Ball
1-1: Ball
2-1: Ball
3-1: Base on Balls
Batting: RHB Marcos Gómez 0-0: Sac Bunt to 25 - play at first, batter OUT! 5-3
Boog Powell to second
Batting: LHB Rick Monday 0-0: Intentional Walk
Batting: RHB Dan Thomas 0-0: Ball
1-0: Ball
2-0: Called Strike
2-1: Ball
3-1: Swinging Strike
3-2: Strikes out swinging
Top of the 10th over - 0 runs, 0 hits, 0 errors, 2 left on base; California 1 - San Francisco 1
BOTTOM OF THE 10TH
San Francisco Meatballs batting - Pitching for California Seals : RHP Greg Gordon
Pitching: LHP Pedro Hernández
Batting: RHB Daniel MacGuffie 0-0: Ball
1-0: Ball
2-0: Called Strike
2-1: Called Strike
2-2: Foul Ball, location: 3FF
2-2: Ball
3-2: Base on Balls
Batting: LHB Larry Richardson 0-0: Called Strike
0-1: Ball
1-1: Foul Ball, location: 3F
1-2: Foul Ball, location: 9LMF
1-2: Ball
2-2: Strikes out looking
Batting: RHB Jake Brown 0-0: Called Strike
0-1: Called Strike
0-2: Ball
1-2: Strikes out swinging
Pinch Hitting: LHB Johnny Edwards 0-0: Foul Ball, location: 5F
0-1: Fly out, F9 (Flyball, 9D, EV 94.4 MPH)
Bottom of the 10th over - 0 runs, 0 hits, 0 errors, 1 left on base; California 1 - San Francisco 1
TOP OF THE 11TH
California Seals batting - Pitching for San Francisco Meatballs : RHP Armando Martínez
Pitching: RHP Armando Negrete
Batting: LHB Mack Jones 0-0: Ball
1-0: Ball
2-0: Ball
3-0: Called Strike
3-1: Base on Balls
Batting: RHB Dave Barrera 0-0: Ball
1-0: Ball
Mack Jones steals 2nd base
2-0: Ball
3-0: Fly out, F7 (Flyball, 7, EV 96.9 MPH)
Batting: RHB Johnny Bench 0-0: Ball
1-0: Foul Ball, location: 2RF
1-1: Ball
2-1: Called Strike
2-2: Strikes out swinging
Batting: SHB Jim Lefebvre 0-0: Intentional Walk
Batting: RHB Paul Donahue 0-0: Called Strike
0-1: Called Strike
0-2: Ball
1-2: Strikes out swinging
Top of the 11th over - 0 runs, 0 hits, 0 errors, 2 left on base; California 1 - San Francisco 1
BOTTOM OF THE 11TH
San Francisco Meatballs batting - Pitching for California Seals : LHP Pedro Hernández
Batting: LHB José Otero 0-0: Called Strike
0-1: Swinging Strike
0-2: Strikes out looking
Batting: RHB Dave Concepcion 0-0: Ball
1-0: Swinging Strike
1-1: Ball
2-1: Called Strike
2-2: Strikes out swinging
Batting: RHB Terry Williams 0-0: Called Strike
0-1: Foul Ball, location: 9LSF
0-2: SINGLE (Flyball, 34D, EV 88.1 MPH)
Batting: LHB Jonathan Norton 0-0: Foul Ball, location: 5SF
0-1: Ball
1-1: Ground out 4-3 (Groundball, 34D, EV 101.9 MPH)
Bottom of the 11th over - 0 runs, 1 hit, 0 errors, 1 left on base; California 1 - San Francisco 1
TOP OF THE 12TH
California Seals batting - Pitching for San Francisco Meatballs : RHP Armando Negrete
Batting: LHB Pedro Hernández 0-0: Foul Ball, location: 7LSF
0-1: Foul Ball, location: 5DF
0-2: Ball
1-2: Foul Ball, location: 2F
1-2: Ball
2-2: Foul Ball, location: 2F
2-2: Strikes out swinging
Batting: RHB Marcos Gómez 0-0: Foul Ball, location: 23F
0-1: Ball
1-1: Ground out 4-3 (Groundball, 4, EV 90.6 MPH)
Batting: LHB Rick Monday 0-0: Called Strike
0-1: SINGLE (Line Drive, 7S, EV 93.1 MPH)
Batting: RHB Dan Thomas 0-0: Ball
Rick Monday is caught stealing 2nd base 2-4
Top of the 12th over - 0 runs, 1 hit, 0 errors, 0 left on base; California 1 - San Francisco 1
BOTTOM OF THE 12TH
San Francisco Meatballs batting - Pitching for California Seals : LHP Pedro Hernández
Batting: SHB Nathan McClain 0-0: Ball
1-0: Called Strike
1-1: Foul Ball, location: 9LDF
1-2: Foul Ball, location: 5SF
1-2: Ball
2-2: Ball
3-2: Foul Ball, location: 25F
3-2: Base on Balls
Batting: RHB Daniel MacGuffie 0-0: Called Strike
0-1: Swinging Strike
0-2: Strikes out swinging
Batting: LHB Larry Richardson 0-0: Ball
1-0: Ball
2-0: Called Strike
2-1: Ball
3-1: Base on Balls
Nathan McClain to second
Batting: RHB Jake Brown 0-0: Ball
1-0: Called Strike
1-1: Ball
2-1: Ball
3-1: Fly out, F6 (Popup, 56, EV 70.6 MPH)
Pinch Hitting: SHB Munenori Sato 0-0: Ball
1-0: Fly out, F8 (Flyball, 8RD, EV 96.3 MPH)
Bottom of the 12th over - 0 runs, 0 hits, 0 errors, 2 left on base; California 1 - San Francisco 1
TOP OF THE 13TH
California Seals batting - Pitching for San Francisco Meatballs : RHP Armando Negrete
Pitching: LHP Dick Ellsworth
Batting: RHB Dan Thomas 0-0: Called Strike
0-1: Ball
1-1: Ball
2-1: SINGLE (Groundball, 4MD, EV 103.1 MPH)
Batting: LHB Mack Jones 0-0: Swinging Strike
0-1: Fly out, F8 (Line Drive, 8LS, EV 100.6 MPH)
Batting: RHB Dave Barrera 0-0: Ball
1-0: Called Strike
1-1: Foul Ball, location: 9LDF
1-2: Foul Ball, location: 2F
1-2: Ball
2-2: Strikes out swinging
Batting: RHB Johnny Bench 0-0: Ground out 6-3 (Groundball, 6S, EV 85.6 MPH)
Top of the 13th over - 0 runs, 1 hit, 0 errors, 1 left on base; California 1 - San Francisco 1
BOTTOM OF THE 13TH
San Francisco Meatballs batting - Pitching for California Seals : LHP Pedro Hernández
Batting: LHB José Otero 0-0: DOUBLE (Line Drive, 7LM, EV 93.8 MPH)
Pitching: RHP Lonnie Emery
Batting: RHB Dave Concepcion 0-0: Ball
1-0: Bunt missed!
1-1: Bunted foul
1-2: Ball
2-2: DOUBLE (Line Drive, 78XD, EV 103.8 MPH)
José Otero scores
Bottom of the 13th over - 1 run, 2 hits, 0 errors, 1 left on base; California 1 - San Francisco 2
Thursday, February 29th , 2024 - OOTP Baseball 24.8 Build 75